 Dungeon Crawl Stone Soup version 0.14-a0-2100-g3cf34dd (webtiles) character file.

21522 Mitsuki the Imperceptible (level 12, -2/43 (45) HPs)
             Began as a Spriggan Enchanter on Jan 26, 2014.
             Was the Champion of Dithmengos.
             Slain by a blink frog (17 damage)
             ... on Level 3 of the Lair of Beasts.
             The game lasted 01:40:40 (19402 turns).

Mitsuki the Imperceptible (Spriggan Enchanter)     Turns: 19402, Time: 01:40:41

HP  -2/43 (45)   AC  4     Str  8      XL: 12   Next: 47%
MP  11/25        EV 18     Int 17      God: Dithmengos [******]
Gold 885         SH  0     Dex 17      Spells:  4 memorised,  1 level left

rFire  + . .     SeeInvis +     a - +4 dagger (freeze)
rCold  . . .     Clarity  .     D - +2 robe {MR+}
rNeg   . . .     Conserve .     (shield restricted)
rPois  .         rCorr    +     (helmet restricted)
rElec  .         rRot     .     (no cloak)
SustAb . .       Spirit   .     (gloves unavailable)
rMut   .         Warding  .     (boots unavailable)
Saprov . . .     Stasis   .     m - amulet of resist corrosion
MR     ++++.                    k - +3,+5 ring of slaying
                                x - cursed ring "Mnolliopn" {+Fly rF+ MR++}

@: wreathed by umbra, very quick, incredibly resistant to hostile enchantments,
uncannily stealthy
A: unfitting armour, horns 1, see invisible, herbivore 3, speed 3, frail 1, slow
metabolism 2
a: Shadow Step, Shadow Form, Renounce Religion, Evoke Flight


You were on level 3 of the Lair of Beasts.
You worshipped Dithmengos.
Dithmengos was exalted by your worship.
You were not hungry.

You visited 3 branches of the dungeon, and saw 17 of its levels.
You also visited: Sewer.

You collected 969 gold pieces.
You spent 84 gold pieces at shops.

Inventory:

Hand weapons
 a - a +4,+4 dagger of freezing (weapon)
 b - the +7 blowgun of Secipypn {speed, -Tele +Inv MR++ Str+1}
   (You found it on level 1 of the Lair of Beasts)

   Attacks with this weapon are significantly faster, but cause slightly less
   damage.
   It affects your strength (+1).
   It affects your resistance to hostile enchantments.
   It lets you turn invisible.
   It prevents most forms of teleportation.
Missiles
 d - 12 darts (quivered)
 v - 90 poisoned needles
Armour
 D - a +2 robe of magic resistance (worn)
Magical devices
 c - a wand of random effects (9) {unknown}
 y - a wand of teleportation (4)
 N - a wand of cold (2)
Comestibles
 f - a choko
 r - a royal jelly
 B - 8 bread rations
Scrolls
 e - 10 scrolls of remove curse
 j - 4 scrolls of fear
 s - 2 scrolls of blinking
 C - 2 scrolls of fog
 I - a scroll of teleportation
Jewellery
 k - a +3,+5 ring of slaying (right hand)
 m - an amulet of resist corrosion (around neck)
 q - an uncursed amulet of stasis
 u - an uncursed ring of protection from cold
 x - the cursed ring "Mnolliopn" (left hand) {+Fly rF+ MR++}
   (You took it off a hobgoblin on level 4 of the Dungeon)

   [ring of protection from fire]

   It affects your resistance to hostile enchantments.
   It lets you fly.
   It has a curse placed upon it.
Potions
 g - 2 potions of invisibility {unknown}
 h - a potion of speed
 i - 2 potions of might
 A - 4 potions of curing
 F - 5 potions of brilliance
 G - 3 potions of magic
 H - 2 potions of heal wounds
 K - a potion of agility
 P - a potion of flight


   Skills:
 - Level 1.1 Short Blades
 - Level 1.1 Throwing
 - Level 3.0 Dodging
 + Level 23.5 Stealth
 - Level 2.6 Spellcasting
 + Level 12.9 Hexes
 - Level 3.3 Ice Magic
 - Level 0.4 Evocations


You had one spell level left.
You knew the following spells:

 Your Spells              Type           Power        Failure   Level  Hunger
a - Ensorcelled Hibernat  Hex/Ice        ####..       1%          2    ##.....
b - Confuse               Hex            #####...     1%          3    ###....
c - Cause Fear            Hex            #####.....   1%          4    #####..
d - Invisibility          Hex            #####...     14%         6    #######


Dungeon Overview and Level Annotations

Branches:
Dungeon (13/16)            Temple (1/1) D:6             Orc (0/4) D:12
   Lair (3/8) D:9
  Swamp: Lair:3-6    Shoals: Lair:3-6     Snake: Lair:3-6    Spider: Lair:3-6

Altars:
Ashenzari
Cheibriados
Dithmengos
Elyvilon
Fedhas
Kikubaaqudgha
Makhleb
Nemelex Xobeh
Okawaru
Sif Muna
Trog
Vehumet
Xom
Yredelemnul
Zin
The Shining One

Shops:
D:7 ?   D:10 *


Innate Abilities, Weirdness & Mutations

You are tiny and cannot use many weapons and most armour.
You have supernaturally acute eyesight.
You are a herbivore.
You cover ground extremely quickly.
You need consume almost no food.
You have a pair of small horns on your head.
You are frail (-10% HP).


Message History

Casting: Ensorcelled Hibernation
Confirm with . or Enter, or press ? or * to list all spells.
Aiming: Ensorcelled Hibernation
Press: ? - help, Shift-Dir - straight line, f/p - blink frog
Aim: a blink frog (umbra)
The blink frog resists.
The blink frog hits you!
You emit a cloud of dark smoke.
The blink frog blinks!
The blink frog blinks!
The blink frog misses you.
The blink frog blinks!
You hit the fungus. You freeze the fungus.
The fungus is lightly damaged.
You open the door.
There is an open door here.
Casting: Ensorcelled Hibernation
Confirm with . or Enter, or press ? or * to list all spells.
Aiming: Ensorcelled Hibernation
Press: ? - help, Shift-Dir - straight line, f/p - blink frog
Aim: a blink frog (umbra)
The blink frog resists.
The blink frog hits you!
You die...

##...%..§...## #...........##
##....§§.§...# .f#
.#....§P#§#.## ....
.......§§§§#§####### ....
........#§§§§..#.#.#### ....
........#§§§§.......... ...
.........#.§............ ...
..........@F§§...........# ?...
#..........f............##
..... #.......................#
....# #.......................#
....####......................#
....#.##......................#
.....# #.<......####.#........#
....## #........# ###.........
.....###.P.#....# .........


You could see a blink frog.

Vanquished Creatures
  An ogre mage (D:13)
  A centaur warrior (D:13)
  3 skeletal warriors (D:13)
  Joseph (D:8)
  3 hill giants
  A cyclops (D:13)
  An orc knight (D:13)
  A black mamba (Lair:2)
  3 spiny frogs
  3 trolls
  3 blink frogs (Lair:1)
  A spriggan (Lair:2)
  3 komodo dragons (Lair:2)
  A two-headed ogre (D:10)
  A basilisk (D:13)
  A griffon skeleton (D:11)
  A wyvern (Lair:2)
  An ugly thing (D:13)
  A shark (Lair:1)
  A steam dragon (D:8)
  A wraith (D:11)
  A merfolk (D:10)
  A yak (Lair:2)
  A hungry ghost (D:9)
  6 wolves (Lair:1)
  2 hippogriffs
  2 manticores (D:10)
  5 porcupines
  A soldier ant (D:13)
  8 orc warriors
  An ice beast (D:11)
  A giant goldfish (Lair:1)
  A yellow wasp (D:11)
  A black bear (D:7)
  6 centaurs
  2 sky beasts
  4 phantoms
  3 ogres
  2 wargs (D:9)
  Sigmund (D:2)
  7 crocodiles
  2 big kobolds
  5 agate snails
  Blork the orc (D:4)
  A water moccasin (Lair:1)
  6 giant frogs
  An eye of draining (D:8)
  10 killer bees (D:9)
  4 wights (D:10)
  A manticore skeleton (D:11)
  3 jellyfish (Lair:1)
  10 crimson imps
  A hippogriff skeleton (D:13)
  A giant frog zombie (D:13)
  3 goliath beetles
  A two-headed ogre zombie (D:11)
  A giant frog skeleton (D:5)
  6 big fish
  12 hounds
  5 jellies
  17 orc priests
  18 orc wizards
  9 worker ants
  7 iguanas
  4 scorpions
  A big kobold zombie (D:10)
  A worker ant zombie (D:5)
  9 gnolls
  17 adders
  15 green rats
  7 worms
  3 giant centipedes
  5 giant mites
  An inept feature mimic (D:10)
  An adder zombie (D:5)
  A grey rat (D:6)
  A scorpion zombie (D:7)
  A giant eyeball (D:6)
  13 giant geckos
  An ooze (D:7)
  87 orcs
  4 giant cockroaches
  11 goblins
  13 hobgoblins
  13 jackals
  3 ball pythons
  22 bats
  3 giant newts
  2 giant spores
  A goblin zombie (D:5)
  29 kobolds
  13 quokkas
  13 rats
  4 ballistomycetes
  5 plants (Lair:2)
518 creatures vanquished.

Vanquished Creatures (others)
  An orc priest (D:12)
1 creature vanquished.

Grand Total: 519 creatures vanquished

Notes
Turn   | Place    | Note
--------------------------------------------------------------
     0 | D:1      | Mitsuki, the Spriggan Enchanter, began the quest for the Orb.
     0 | D:1      | Reached XP level 1. HP: 9/9 MP: 4/4
   398 | D:1      | Reached skill level 4 in Hexes
   515 | D:1      | Reached XP level 2. HP: 8/13 MP: 7/7
   525 | D:1      | Learned a level 2 spell: Ensorcelled Hibernation
  1025 | D:2      | Noticed Sigmund
  1298 | D:2      | Reached XP level 3. HP: 16/16 MP: 3/9
  1414 | D:1      | Learned a level 3 spell: Confuse
  1478 | D:2      | Reached skill level 5 in Stealth
  1656 | D:2      | Reached XP level 4. HP: 13/21 MP: 0/12
  1876 | D:2      | Reached skill level 1 in Ice Magic
  2284 | D:3      | Reached skill level 6 in Stealth
  2396 | D:3      | Found a radiant altar of Vehumet.
  2400 | D:3      | Found a deep blue altar of Sif Muna.
  2509 | D:3      | Reached XP level 5. HP: 24/24 MP: 14/14
  3056 | D:3      | Reached skill level 7 in Stealth
  3120 | D:4      | Got a faintly glowing steel ring
  3165 | D:4      | Reached skill level 5 in Hexes
  3216 | D:4      | Got a transparent wooden ring
  3448 | D:4      | Noticed Blork the orc
  3487 | D:4      | Killed Blork the orc
  3487 | D:4      | Reached XP level 6. HP: 21/28 MP: 9/17
  3859 | D:5      | Entered Level 5 of the Dungeon
  3954 | D:4      | Reached skill level 8 in Stealth
  4833 | D:6      | Reached XP level 7. HP: 32/32 MP: 12/19
  4989 | D:6      | Gained mutation: You are frail (-10% HP). [potion of mutation]
  4989 | D:6      | Gained mutation: You have a pair of small horns on your head. [potion of mutation]
  5472 | D:6      | Reached skill level 9 in Stealth
  5594 | D:6      | Found a glowing drain.
  5604 | Sewer    | Entered a sewer
  5861 | D:6      | Found a staircase to the Ecumenical Temple.
  5867 | Temple   | Entered the Ecumenical Temple
  6112 | Temple   | Became a worshipper of Dithmengos
  6136 | D:6      | Identified the ring of the Salmon {EV+1 Str+2 Dex-3} (You found it on level 4 of the Dungeon)
  6281 | D:6      | Reached skill level 10 in Stealth
  6498 | D:6      | Reached XP level 8. HP: 29/29 MP: 15/20
  6687 | D:6      | Learned a level 4 spell: Cause Fear
  6764 | D:6      | Reached skill level 11 in Stealth
  7269 | D:6      | Paralysed by a giant eyeball for 3 turns
  7520 | D:2      | Killed Sigmund
  7778 | D:5      | Reached skill level 12 in Stealth
  7823 | D:5      | Noticed a hippogriff
  7828 | D:5      | Killed a hippogriff
  8025 | D:5      | Reached XP level 9. HP: 32/32 MP: 16/22
  8052 | D:5      | Reached skill level 13 in Stealth
  8432 | D:5      | Acquired Dithmengos' first power
  8872 | D:7      | Found Plofimmukk's Magic Scroll Shop.
  8991 | D:7      | Bought a scroll of identify for 28 gold pieces
  8991 | D:7      | Bought 2 scrolls of identify for 56 gold pieces
  8992 | D:7      | Identified the ring "Mnolliopn" {+Fly rF+ MR++} (You took it off a hobgoblin on level 4 of the Dungeon)
  9134 | D:7      | Reached skill level 14 in Stealth
  9494 | D:8      | Reached skill level 10 in Hexes
  9651 | D:8      | Acquired Dithmengos' second power
  9684 | D:8      | Noticed Joseph
  9764 | D:8      | Killed Joseph
  9764 | D:8      | Reached skill level 15 in Stealth
 10029 | D:8      | Reached XP level 10. HP: 36/36 MP: 20/23
 10140 | D:8      | Reached skill level 16 in Stealth
 10520 | D:9      | Paralysed by a potion of paralysis for 5 turns
 11010 | D:9      | Found a staircase to the Lair.
 11023 | D:10     | Entered Level 10 of the Dungeon
 11149 | D:10     | Noticed a hill giant
 11156 | D:10     | Killed a hill giant
 11156 | D:10     | Reached skill level 17 in Stealth
 11442 | D:10     | Found Ybloinoifi's General Store.
 11645 | D:10     | Acquired Dithmengos' third power
 11824 | D:10     | Reached skill level 18 in Stealth
 12526 | D:9      | Acquired Dithmengos' fourth power
 12537 | D:9      | Reached XP level 11. HP: 40/40 MP: 15/24
 12857 | D:11     | Reached skill level 19 in Stealth
 13259 | D:11     | Learned a level 6 spell: Invisibility
 13338 | D:11     | Noticed a hill giant
 13354 | D:11     | Killed a hill giant
 14244 | D:12     | Found a staircase to the Orcish Mines.
 15428 | D:13     | Noticed a skeletal warrior
 15428 | D:13     | Noticed a skeletal warrior
 15428 | D:13     | Noticed a skeletal warrior
 15432 | D:13     | Reached skill level 20 in Stealth
 15434 | D:13     | Killed a skeletal warrior
 15437 | D:13     | Killed a skeletal warrior
 15438 | D:13     | Killed a skeletal warrior
 15521 | D:13     | Noticed a centaur warrior
 15537 | D:13     | Killed a centaur warrior
 15537 | D:13     | Reached skill level 21 in Stealth
 15776 | D:13     | Found a shimmering altar of Xom.
 15872 | D:13     | Noticed a hill giant
 15876 | D:13     | Noticed a frost giant
 15877 | D:13     | Noticed a stone giant
 15880 | D:13     | Noticed a stone giant
 15985 | D:13     | Noticed an ogre mage
 15993 | D:13     | Killed an ogre mage
 16021 | D:13     | HP: 1/40 [stone giant/ large rock (39)]
 16054 | D:13     | Killed a hill giant
 16568 | Lair:1   | Entered Level 1 of the Lair of Beasts
 16676 | Lair:1   | Reached XP level 12. HP: 43/43 MP: 25/25
 16696 | Lair:1   | Reached skill level 22 in Stealth
 17302 | Lair:1   | Got a fine blowgun
 17304 | Lair:1   | Identified the +7 blowgun of Secipypn {speed, -Tele +Inv MR++ Str+1} (You found it on level 1 of the Lair of Beasts)
 18323 | Lair:2   | Reached skill level 23 in Stealth
 19402 | Lair:3   | Slain by a blink frog

Action                   |  1- 3 |  4- 6 |  7- 9 | 10-12 || total
-------------------------+-------+-------+-------+-------++-------
Melee: Dagger            |    69 |   124 |   211 |   419 ||   823
 Fire: Blowgun           |       |     2 |    24 |     3 ||    29
Throw: Dart              |       |       |     1 |     1 ||     2
 Cast: Ensorcelled Hiber |    18 |    74 |   128 |    88 ||   308
       Confuse           |     1 |     1 |    24 |    23 ||    49
       Cause Fear        |       |       |       |     3 ||     3
       Invisibility      |       |       |       |     6 ||     6
 Abil: Evoke Flight      |       |       |     1 |       ||     1
Evoke: Wand              |       |       |     3 |     1 ||     4
  Use: Scroll            |     7 |     5 |    13 |     8 ||    33
       Potion            |       |     5 |     9 |     5 ||    19
 Stab: Sleeping          |    20 |    42 |   114 |   215 ||   391
       Distracted        |     1 |     2 |       |     1 ||     4
       Confused          |       |       |     8 |     9 ||    17
       Invisible         |       |       |       |     6 ||     6
